 Dungeon Crawl Stone Soup version 0.27.0-1-g7a089689b8 (webtiles) character file.

Game seed: 14108248835816271680

18416 inmateoo the Covert (level 12, -16/81 HPs)
             Began as a Vampire Enchanter on Aug 2, 2021.
             Was an Elder of Hepliaklqana.
             Demolished by a centaur warrior (20 damage)
             ... on level 12 of the Dungeon.
             The game lasted 00:21:23 (11660 turns).

inmateoo the Covert (Vampire Enchanter)            Turns: 11660, Time: 00:21:24

Health: -16/81     AC: 15    Str:  7    XL:     12   Next: 27%
Magic:  20/24      EV: 18    Int: 23    God:    Hepliaklqana [****..]
Gold:   1386       SH:  0    Dex: 23    Spells: 19/28 levels left

rFire    . . .     SeeInvis +   a - +2 dagger (freeze)
rCold    . . .     Faith    .   (no shield)
rNeg     . . .     Spirit   .   j - +2 robe {Archmagi}
rPois    .         Reflect  .   A - +1 helmet
rElec    .         Harm     .   e - +2 cloak
rCorr    .         Rampage  .   G - +2 pair of gloves {Dex+3}
Will     ++...     Archmagi +   x - +2 pair of boots
Stlth    +++++.....             k - amulet of magic regeneration
HPRegen  0.43/turn              f - ring of willpower
MPRegen  0.44/turn              w - +6 ring of dexterity

@: healing quickly
A: alive, reduced essence, fangs 3, see invisible, vampiric 2
a: Exsanguinate, Renounce Religion, Recall Ancestor, Ancestor Identity,
Transference, Idealise


You were on level 12 of the Dungeon.
You worshipped Hepliaklqana.
Hepliaklqana was greatly pleased with you.
You visited 1 branch of the dungeon, and saw 12 of its levels.

You collected 1386 gold pieces.

Inventory:

Hand Weapons
 a - a +2 dagger of freezing (weapon)
Missiles
 d - 2 throwing nets
Armour
 b - the +1 robe of Quantum Leap {rElec Int+3 Slay+2 Stlth+}
   (You took it off an orc on level 7 of the Dungeon)

   Int:       It affects your intelligence (+3).
   Slay:      It affects your accuracy & damage with ranged weapons and melee
   (+2).
   rElec:     It insulates you from electricity.
   Stlth:     It makes you more stealthy.
 e - a +2 cloak (worn)
 j - a +2 robe of the Archmagi (worn)
 t - a +2 robe of resistance
 x - a +2 pair of boots (worn)
 A - a +1 helmet (worn)
 G - a +2 pair of gloves of dexterity (worn)
Jewellery
 f - a ring of willpower (left hand)
 k - an amulet of magic regeneration (around neck)
 q - a ring of poison resistance
 w - a +6 ring of dexterity (right hand)
Wands
 r - a wand of paralysis (14)
 y - a wand of iceblast (13)
 z - a wand of acid (6)
 B - a wand of flame (40)
 D - a wand of mindburst (5)
 K - a wand of digging (7)
Scrolls
 m - 5 scrolls of enchant weapon
 n - a scroll of amnesia
 p - 2 scrolls of magic mapping
 v - 2 scrolls of teleportation
 C - a scroll of enchant armour
 E - a scroll of brand weapon
 J - a scroll of identify
Potions
 c - 3 potions of curing
 g - a potion of might
 h - 3 potions of haste
 i - 2 potions of invisibility
 l - a potion of lignification {unknown}
 o - a potion of brilliance {unknown}
 s - 3 potions of mutation
 u - a potion of berserk rage
 F - a potion of flight {unknown}
 H - a potion of cancellation
Miscellaneous
 I - a box of beasts (inert)


   Skills:
 + Level 7.1 Fighting
 + Level 5.5 Short Blades
 + Level 7.2 Dodging
 + Level 11.2 Stealth
 + Level 8.6 Spellcasting
 - Level 8.0 Hexes
 - Level 5.0 Summonings
 - Level 4.0 Ice Magic
 + Level 8.6 Invocations
 + Level 3.0 Evocations


You had 19 spell levels left.
You knew the following spells:

 Your Spells              Type           Power      Damage    Failure   Level
a - Corona                Hex            70%        N/A       1%          1
b - Ensorcelled Hibernat  Hex/Ice        100%       N/A       1%          2
c - Confusing Touch       Hex            63%        N/A       1%          3
d - Tukima's Dance        Hex            63%        N/A       1%          3

Your spell library contained the following spells:

 Spells                   Type           Power      Damage    Failure   Level
 Summon Guardian Golem    Hex/Summ       56%        N/A       1%          3
 Dazzling Flash           Conj/Hex       84%        N/A       3%          3
 Animate Skeleton         Necr           28%        N/A       6%          1
 Magic Dart               Conj           56%        1d5       6%          1
 Pain                     Necr           56%        1d6       6%          1
 Searing Ray              Conj           28%        3d4       10%         2
 Fulminant Prism          Conj/Hex       21%        3d13      12%         4
 Gell's Gravitas          Tloc           7%         N/A       19%         3
 Lesser Beckoning         Tloc           7%         N/A       19%         3
 Spider Form              Tmut/Pois      7%         N/A       19%         3
 Teleport Other           Tloc           14%        N/A       19%         3
 Vampiric Draining        Necr           7%         2d7       19%         3
 Shadow Creatures         Summ           N/A        N/A       77%         6
 Malign Gateway           Summ/Tloc      16%        N/A       100%        7
 Orb of Destruction       Conj           7%         9d3       100%        7
 Spellforged Servitor     Conj/Summ      16%        N/A       100%        7
 Summon Horrible Things   Summ           24%        N/A       100%        8


Dungeon Overview and Level Annotations

Branches:
Dungeon (12/15)            Temple (0/1) D:4            Lair (0/6) D:8
    Orc (0/2) D:12

Altars:
Dithmenos
Elyvilon
Hepliaklqana
Kikubaaqudgha
Makhleb
Qazlal
Ru
Sif Muna
Trog
Vehumet
Wu Jian
Xom
Zin

Shops:
D:9 *

Annotations:
D:6 2 transporters
D:10 3 runed translucent doors, exclusion: ice statue


Innate Abilities, Weirdness & Mutations

Your natural rate of healing is accelerated.
Your life essence is reduced to manifest your ancestor. (-10% HP)
You have razor-sharp teeth.
You have supernaturally acute eyesight. (SInv)
You are afflicted with vampirism and can become a bat while bloodless.


Message History

Unknown command.
You catch the helpless centaur warrior completely off-guard!
You impale the centaur warrior!! You freeze the centaur warrior!
You kill the centaur warrior!
The centaur warrior hits you with the +7 mace of Variability {chain chaos}!!
The centaur warrior kicks you.
Decima casts a spell at the centaur warrior.
The stone arrow hits the centaur warrior!
Your Evocations skill increases to level 3!
Unknown command.
Casting: Confusing Touch (safe; 1% risk of failure)
Confirm with . or Enter, or press ? or * to list all spells.
You feel a surge of power!
Your hands begin to glow red.
The centaur warrior barely misses you. The centaur warrior closely misses you.
The centaur warrior hits you with the +7 mace of Variability {chain chaos}!
* * * LOW HITPOINT WARNING * * *
The centaur warrior freezes you.
* * * LOW HITPOINT WARNING * * *
The centaur warrior kicks you but does no damage.
You barely miss the centaur warrior.
The centaur warrior is moderately wounded.
The centaur warrior closely misses you. The centaur warrior misses you.
Press: ? - help, v - describe, . - travel
Here: a centaur warrior, wielding the +7 mace of Variability {chain chaos}, wearing a ring of poison resistance and quivering arrows (moderately wounded, ally target, chance to confuse on hit: 62%)
The floor, spattered with blood.
Unknown command.
You hit the centaur warrior but do no damage.
The centaur warrior appears confused.
The centaur warrior is moderately wounded.
The centaur warrior closely misses you.
The centaur warrior kicks you but does no damage.
Decima points at the centaur warrior and mumbles some strange words.
The puff of frost hits the centaur warrior!
You hit the centaur warrior but do no damage.
The centaur warrior is heavily wounded.
You start resting.
The centaur warrior hits you with the +7 mace of Variability {chain chaos}!!
* * * LOW HITPOINT WARNING * * *
You are electrocuted!!
You die...

........#..#..###
..............<.#
.....#######...###
....## .##....######
##### ...##
.##........# #.... ####
.########.# #.... ..#
#.#..#..#.# ###..8. #.#
#.#R....#.## #......
### #..#@#.##..#
#>...8. ?#
#.#c....#..####..#...
##
#C#..#..#...#..†.....
### .
###.###............
..## .
##..#..##..#......8.
#..##
.###..#.#..##..........
##..##
##..#...#..##.........
#....#
#..#..#..#..#......###
..##.#
#.#..#.#.[#.#.....##


You could see the friendly Decima the battlemage and a centaur warrior
(confused, ally target).

Vanquished Creatures
  Snorg (D:11)
  Harold (D:7)
  A centaur warrior (D:12)
  A two-headed ogre (D:12)
  An ugly thing (D:12)
  2 cyclopes (D:12)
  A manticore (D:12)
  An elephant (D:8)
  A gargoyle (D:10)
  A kobold demonologist (D:12)
  2 trolls (D:12)
  A slime creature (D:12)
  2 hornets
  Prince Ribbit (D:9)
  A shadow (D:12)
  Sigmund (D:6)
  A wyvern (D:9)
  A basilisk (D:8)
  A wraith (D:12)
  3 yaks
  Menkaure (D:6)
  3 vampire mosquitoes (D:12)
  A water moccasin (D:8)
  An ice beast (D:5)
  A sky beast (D:6)
  3 black bears
  A necrophage (D:5)
  3 ogres
  4 centaurs
  A phantom (D:4)
  A bullfrog (D:8)
  4 scorpions
  A water moccasin skeleton (D:7)
  7 killer bees
  2 howler monkeys (D:12)
  5 centaur zombies
  3 hounds
  A jelly (D:4)
  An orc priest (D:4)
  A gnoll shaman (D:8)
  Crazy Yiuf (D:2)
  Jessica (D:2)
  3 orc wizards
  2 iguanas (D:6)
  A battlemage (D:7)
  A howler monkey zombie (D:8)
  8 adders
  4 gnolls
  A white imp (D:5)
  2 adder zombies (D:2)
  3 adder skeletons
  A worm (D:4)
  3 dart slugs
  5 orcs
  A bat zombie (D:2)
  2 endoplasms (D:1)
  6 giant cockroaches
  5 goblins
  5 hobgoblins
  14 jackals
  9 kobolds
  A quokka (D:2)
  5 ball pythons
  3 ball python skeletons (D:2)
  2 ball python zombies (D:2)
  2 bats
  5 frilled lizards
  3 rats
169 creatures vanquished.

Vanquished Creatures (collateral kills)
  A hydra (D:12)
  3 two-headed ogres
  A shadow wraith (D:12)
  An ugly thing (D:12)
  A cyclops (D:12)
  A gargoyle (D:12)
  An unseen horror (D:12)
  A slime creature (D:12)
  A hornet (D:10)
  A meliai zombie (D:11)
  2 yaks (D:11)
  A wraith (D:12)
  2 steam dragons
  An acid dragon (D:12)
  2 ice beasts
  An orc warrior (D:9)
  A sky beast (D:8)
  10 centaurs
  3 kobold brigands
  3 killer bees
  3 howler monkeys
  A bullfrog zombie (D:7)
  3 centaur zombies
  A gnoll shaman (D:9)
  An orc priest (D:5)
  2 hounds (D:6)
  A jelly (D:5)
  An orc wizard (D:12)
  An adder (D:6)
  10 gnolls
  A white imp (D:8)
  An adder zombie (D:5)
  6 orcs
  6 kobolds
76 creatures vanquished.

Vanquished Creatures (others)
  5 battlemagi
  2 ancestors
  9 plants
16 creatures vanquished.

Grand Total: 261 creatures vanquished

Notes
Turn   | Place    | Note
-------+----------+-------------------------------------------
     0 | D:1      | inmateoo the Vampire Enchanter began the quest for the Orb.
     0 | D:1      | Reached XP level 1. HP: 13/13 MP: 3/3
   323 | D:1      | Reached skill level 1 in Fighting
   509 | D:1      | Reached XP level 2. HP: 16/21 MP: 3/5
   530 | D:1      | Learned a level 2 spell: Ensorcelled Hibernation
  1054 | D:1      | Gained mutation: You are afflicted with vampirism and can
                  | become a bat while bloodless. [Vampire growth]
  1054 | D:1      | Reached XP level 3. HP: 28/28 MP: 6/6
  1058 | D:1      | Learned a level 3 spell: Confusing Touch
  1060 | D:1      | Found a faded altar of an unknown god.
  1414 | D:2      | Noticed Jessica
  1417 | D:2      | Killed Jessica
  1458 | D:2      | Reached XP level 4. HP: 26/34 MP: 3/7
  1846 | D:2      | Found a runed translucent door.
  1847 | D:2      | Noticed Crazy Yiuf
  2184 | D:2      | Identified a scroll of acquirement
  2184 | D:2      | Acquired 718 gold pieces
  2193 | D:2      | Killed Crazy Yiuf
  2194 | D:2      | Reached skill level 5 in Hexes
  2194 | D:2      | Reached XP level 5. HP: 41/41 MP: 2/8
  2446 | D:3      | Reached skill level 5 in Stealth
  2958 | D:3      | Found a stormy altar of Qazlal.
  2966 | D:3      | Found an ornate altar of the Wu Jian Council.
  2968 | D:3      | Found a shimmering blue altar of Sif Muna.
  2970 | D:3      | Found a hazy altar of Hepliaklqana.
  2977 | D:3      | Became a worshipper of Hepliaklqana the Forgotten
  3247 | D:4      | Noticed a black bear
  3252 | D:4      | Noticed a black bear
  3258 | D:4      | Killed a black bear
  3259 | D:4      | Reached XP level 6. HP: 47/47 MP: 8/10
  3351 | D:4      | Reached skill level 6 in Stealth
  3384 | D:4      | Found a shimmering altar of Xom.
  3388 | D:4      | Noticed an angel
  3658 | D:4      | Learned a level 3 spell: Tukima's Dance
  3679 | D:4      | Found a radiant altar of Vehumet.
  3737 | D:4      | Reached skill level 7 in Stealth
  3737 | D:4      | Reached XP level 7. HP: 54/54 MP: 12/12
  3897 | D:4      | Reached * piety under Hepliaklqana
  4019 | D:4      | Found a staircase to the Ecumenical Temple.
  4271 | D:5      | Entered Level 5 of the Dungeon
  4338 | D:5      | Reached skill level 8 in Stealth
  4610 | D:5      | Reached skill level 9 in Stealth
  4806 | D:5      | Reached skill level 10 in Stealth
  4809 | D:5      | Found an ancient bone altar of Kikubaaqudgha.
  4877 | D:5      | Reached XP level 8. HP: 48/54 MP: 14/14
  5117 | D:6      | Found a transporter.
  5177 | D:6      | Reached skill level 1 in Ice Magic
  5250 | D:6      | Reached skill level 1 in Invocations
  5277 | D:6      | Found a transporter.
  5396 | D:6      | Noticed Menkaure
  5401 | D:6      | Killed Menkaure
  5454 | D:6      | Noticed Sigmund
  5459 | D:6      | Killed Sigmund
  5788 | D:6      | Reached ** piety under Hepliaklqana
  5789 | D:6      | Remembered your ancestor Decima as a battlemage
  5793 | D:6      | Found a sacrificial altar of Ru.
  6074 | D:7      | Reached XP level 9. HP: 60/60 MP: 14/16
  6301 | D:7      | Identified the +1 robe of Quantum Leap {rElec Int+3 Slay+2
                  | Stlth+}
  6401 | D:7      | Reached skill level 5 in Fighting
  6422 | D:7      | Reached skill level 5 in Spellcasting
  6485 | D:7      | Noticed Harold
  6502 | D:7      | Killed Harold
  6503 | D:7      | Reached skill level 5 in Dodging
  7371 | D:8      | Found a staircase to the Lair.
  7371 | D:8      | Noticed an elephant
  7395 | D:8      | Killed an elephant
  7396 | D:8      | Reached XP level 10. HP: 68/68 MP: 15/18
  7704 | D:8      | Paralysed by a hornet for 1 turns
  8062 | D:9      | Reached skill level 5 in Invocations
  8493 | D:9      | Noticed Prince Ribbit
  8496 | D:9      | Found Birock's Assorted Antiques.
  8499 | D:9      | Killed Prince Ribbit
  8502 | D:9      | Reached *** piety under Hepliaklqana
  8583 | D:9      | Identified the +0 robe of Starshine {Rampage rF- Dex+3}
  8882 | D:10     | Entered Level 10 of the Dungeon
  8883 | D:10     | Found a shadowy altar of Dithmenos.
  8924 | D:10     | Reached skill level 1 in Summonings
  9137 | D:10     | Found a runed translucent door.
  9150 | D:10     | Found a runed translucent door.
  9165 | D:10     | Found a runed translucent door.
  9180 | D:10     | Found a runed translucent door.
  9231 | D:10     | Found a burning altar of Makhleb.
  9257 | D:10     | Noticed a gargoyle
  9258 | D:10     | Found a bloodstained altar of Trog.
  9264 | D:10     | Killed a gargoyle
  9652 | D:10     | Noticed an ice statue
  9838 | D:11     | Reached XP level 11. HP: 54/72 MP: 22/22
  9934 | D:11     | Noticed Snorg
  9949 | D:11     | Killed Snorg
 10241 | D:11     | Reached **** piety under Hepliaklqana
 10246 | D:11     | Noticed a two-headed ogre
 10256 | D:11     | Killed a two-headed ogre
 10398 | D:11     | Reached skill level 5 in Summonings
 10556 | D:11     | Found an ornate altar of the Wu Jian Council.
 10885 | D:12     | Noticed a two-headed ogre
 10894 | D:12     | Killed a two-headed ogre
 10986 | D:12     | Found a staircase to the Orcish Mines.
 10989 | D:12     | Acquired a +2 pair of gloves of dexterity
 11033 | D:12     | Reached skill level 1 in Evocations
 11367 | D:12     | Noticed a two-headed ogre
 11383 | D:12     | Noticed a white ugly thing
 11386 | D:12     | Noticed a white ugly thing
 11407 | D:12     | Killed a two-headed ogre
 11410 | D:12     | Killed a green ugly thing
 11421 | D:12     | Killed a white ugly thing
 11460 | D:12     | Identified the +0 leather armour of Zated {rElec Regen+}
 11463 | D:12     | Noticed a six-headed hydra
 11474 | D:12     | Noticed a sun demon
 11487 | D:12     | Killed a six-headed hydra
 11488 | D:12     | Reached skill level 5 in Short Blades
 11488 | D:12     | Reached XP level 12. HP: 65/80 MP: 20/24
 11550 | D:12     | Noticed a two-headed ogre
 11556 | D:12     | Killed a two-headed ogre
 11557 | D:12     | Reached skill level 11 in Stealth
 11652 | D:12     | Noticed a centaur warrior
 11652 | D:12     | Noticed a centaur warrior
 11655 | D:12     | Killed a centaur warrior
 11660 | D:12     | HP: 4/81 [centaur warrior (18)]
 11660 | D:12     | Demolished by a centaur warrior

Illustrated notes

Levels and vault maps discovered:
D:1:      ebering_trefoil_twist, layout_basic,
          dilly_ecumenical_altar_fadedgnrine, due_unseen_surprise
D:2:      layout_loops_cross, serial_undead, serial_undead_a, serial_undead_b,
          serial_undead_e, serial_undead_f, serial_undead_b, serial_undead_b,
          uniq_jessica, uniq_crazy_yiuf_cottage
D:3:      layout_loops_ring, minitemple, lemuel_tele_altar
D:4:      layout_basic, grunt_temple_overflow_order_and_chaos_1,
          mainiacjoe_overflow_chevrons, minmay_temple_entry_offerings
D:5:      layout_basic, old_standard_altar
D:6:      gammafunk_cloud_chamber, layout_basic, hangedman_ru_absence,
          grunt_ministairs_15, corexii_hall_statues_deadend, uniq_menkaure,
          uniq_sigmund
D:7:      layout_basic, uniq_harold
D:8:      layout_loops_ring, david_lair_generic, item_on_display_a
D:9:      layout_big_octagon, serial_shops, shop,
          chequers_serial_rivers_micro_c, uniq_prince_ribbit1
D:10:     layout_cave_pools, mainiacjoe_overflow_cross_hatched,
          mainiacjoe_overflow_tiny_flanked, lightli_temple_of_fire,
          minmay_statue_crystal_thing
D:11:     layout_long_grid, nzn_wu_jian_council_hall, uniq_snorg
D:12:     minmay_the_grid_octo_tiled_squarecenter [minmay_the_grid_octo_horde,
          minmay_the_grid_octo_thin_diamonds, minmay_the_grid_octo_concentric,
          minmay_the_grid_octo_tetromino_candy,
          minmay_the_grid_square_5x5_megaprize_crossed,
          minmay_the_grid_square_5x5_moneybag, minmay_the_grid_square_5x5_inset,
          minmay_the_grid_square_5x5_spiral,
          minmay_the_grid_square_5x5_longway], layout_cave_pools,
          serial_column_ruins, column_ruins_corridor_straight,
          column_ruins_open_tiny, column_ruins_grid_1, column_ruins_grid_1,
          column_ruins_grid_4, kennysheep_generic_room_2

Skill      XL: |  1  2  3  4  5  6  7  8  9 10 11 12 |
---------------+-------------------------------------+-----
Fighting       | 1 2 3 4 5 6 7 |  7.1
Hexes          | 5 6 8 |  8.0
Stealth        | 5 7 10 11 | 11.2
Short Blades   | 2 3 4 5 |  5.5
Dodging        | 3 4 5 6 7 |  7.2
Spellcasting   | 3 4 5 7 8 |  8.6
Ice Magic      | 2 4 |  4.0
Invocations    | 2 4 6 8 |  8.6
Summonings     | 3 5 |  5.0
Evocations     | 2 3 |  3.0

Action                   |  1- 3 |  4- 6 |  7- 9 | 10-12 || total
-------------------------+-------+-------+-------+-------++-------
Melee: Dagger            |    88 |   211 |   193 |   307 ||   799
       Bite              |     5 |    18 |    24 |    43 ||    90
 Cast: Corona            |     1 |       |       |       ||     1
       Ensorcelled Hiber |     4 |     5 |     7 |     1 ||    17
       Confusing Touch   |       |    14 |    13 |    55 ||    82
       Tukima's Dance    |       |       |     2 |     4 ||     6
Invok: Recall Ancestor   |       |       |     2 |       ||     2
       Ancestor Life: Ba |       |       |     1 |       ||     1
Evoke: Box of beasts     |       |       |       |     1 ||     1
  Use: Scroll            |     3 |     2 |     9 |     5 ||    19
       Potion            |       |       |     2 |       ||     2
 Stab: Sleeping          |    11 |    14 |    20 |     9 ||    54
       Distracted        |     1 |       |     2 |     4 ||     7
       Confused          |       |    12 |     9 |    35 ||    56
Armor: Robe              |    15 |    40 |    45 |   141 ||   241
Dodge: Dodged            |    44 |   109 |   115 |   302 ||   570
